 Dungeon Crawl Stone Soup version 0.17-a0-2122-g03d97ec (webtiles) character file.

14613 brucemayne the Severer (level 11, -7/81 HPs)
             Began as a Demonspawn Berserker on Oct 21, 2015.
             Was a High Priest of Trog.
             Mangled by a warg (11 damage)
             ... led by an orc warlord
             ... on level 3 of the Orcish Mines.
             The game lasted 00:23:22 (3552 turns).

brucemayne the Severer (Demonspawn Berserker)       Turns: 3552, Time: 00:23:22

Health: -7/81      AC: 18    Str: 21    XL:     11   Next: 91%
Magic:  0/11       EV: 10    Int:  8    God:    Trog [*****.]
Gold:   681        SH:  0    Dex: 15    Spells: 0 memorised, 10 levels left

rFire  . . .     SeeInvis .     E - +1 war axe (elec)
rCold  . . .     Clarity  .     z - +1 plate armour {rPois}
rNeg   . . .     SustAt   .     (no shield)
rPois  +         Gourm    .     g - +0 helmet
rElec  .         Spirit   .     x - +0 cloak (curse)
rCorr  .         Warding  .     (no gloves)
rMut   .         Stasis   .     (no boots)
MR     .....                    (no amulet)
Stlth  ..........               o - +2 ring of dexterity
                                p - +3 ring of evasion

@: exhausted, slowed, very slow, not resistant to hostile enchantments,
extremely unstealthy
A: claws 1, iridescent scales 1, demonic guardian 2, powered by death 2
a: Berserk, Trog's Hand, Brothers in Arms, Burn Spellbooks, Renounce Religion


You were on level 3 of the Orcish Mines.
You worshipped Trog.
Trog was extremely pleased with you.
You were very hungry.

You visited 3 branches of the dungeon, and saw 14 of its levels.

You collected 771 gold pieces.
You spent 90 gold pieces at shops.

Inventory:

Hand Weapons
 a - a +0 hand axe
 j - a +0 whip of pain
 u - a -2 broad axe
 B - a +0 war axe
 C - a +0 battleaxe
 E - a +1 war axe of electrocution (weapon)
Missiles
 q - 2 curare-tipped needles
 y - 24 tomahawks (quivered)
 D - 4 tomahawks of returning
Armour
 b - a +0 animal skin
 d - a +0 ring mail
 g - a +0 helmet (worn)
 s - a +0 chain mail
 x - a cursed +0 cloak (worn)
 z - a +1 plate armour of poison resistance (worn)
Jewellery
 o - a +2 ring of dexterity (right claw)
 p - a +3 ring of evasion (left claw)
Scrolls
 h - a scroll of identify
 l - a scroll of noise
 n - 3 scrolls of teleportation
 w - a scroll of remove curse
Potions
 e - 3 potions of curing
 f - a potion of cancellation {unknown}
 i - a potion of agility {unknown}
 k - a potion of cure mutation {unknown}
 m - a potion of haste {unknown}
 r - a potion of ambrosia {unknown}
 t - a potion of magic {unknown}
Comestibles
 c - a bread ration


   Skills:
 - Level 6.2 Fighting
 + Level 16.0 Axes
 - Level 3.5 Armour
 - Level 1.7 Dodging


You had 10 spell levels left.
You didn't know any spells.

Dungeon Overview and Level Annotations

Branches:
Dungeon (9/15)             Temple (1/1) D:6            Lair (0/8) D:8
    Orc (4/4) D:9             Elf (0/3) Orc:4

Altars:
Dithmenos
Elyvilon
Gozag
Kikubaaqudgha
Makhleb
Ru
Sif Muna
Trog
Vehumet
Xom
Zin
The Shining One
Lugonu

Shops:
D:6 ?   Orc:4 [[*[


Innate Abilities, Weirdness & Mutations

You have sharp fingernails.
You are partially covered in iridescent scales (AC +4).
A demonic guardian rushes to your aid.
You regenerate health from kills.


Message History

The orc wizard hits you but does no damage.
Things that are here:
a dagger; a robe You hit the orc warrior.
The orc warrior is lightly wounded.
You hit the orc wizard.
There is a sudden explosion of sparks!
You kill the orc wizard!
Trog accepts your kill.
Trog appreciates your killing of a magic user.
You closely miss the orc warrior.
The orc warrior is almost dead.
You hit the warg.
The warg is almost dead.
You completely miss the orc. The warg closely misses you.
The orc warrior hits you with a halberd!!
* * * LOW HITPOINT WARNING * * *
The orc warrior hits you with a hand axe!
* * * LOW HITPOINT WARNING * * *
The orc hits you but does no damage. The warg bites you!
You die...

.....###.#..##....#
#....##..#........###
##.......#..........#.
#..........##........
#..≈≈≈≈..####.#.##.#.
##.≈≈≈≈.## ##.##.##
#...≈≈≈.≈# #...)..#
.........## #..4.[##
.........# ###.h@o##
#..###≈#####..#ooo.#.
#.. ### ##..#$...#...
###............#
##................
.....[..<......#..
.##[>..........
.......).........
.....#.....#...


You could see a warg, 2 orc warriors, 2 orcs and a friendly sixfirhy.

Vanquished Creatures
  Rupert (Orc:3)
  An orc warlord (Orc:3)
  The ghost of altaj the Covert, a journeyman OpAs of Gozag (Orc:3)
  3 orc high priests (Orc:4)
  The ghost of tp1 the Infuser, a novice DECj of Vehumet (D:8)
  2 orc sorcerers
  2 orc knights (Orc:4)
  3 yaks (D:9)
  A warg (Orc:1)
  2 sky beasts (D:6)
  17 orc warriors
  3 ice beasts
  4 ogres
  2 giant frogs
  A scorpion (D:6)
  18 orc wizards
  19 orc priests
  2 hounds
  2 jellies
  A quasit (D:7)
  4 worker ants
  A gnoll shaman (Orc:4)
  An iguana (D:8)
  A hound zombie (D:9)
  3 gnolls (Orc:4)
  8 adders
  A shadow imp (D:7)
  An ooze (D:1)
  A worm (D:3)
  94 orcs
  5 bats
  3 giant cockroaches
  A goblin (D:1)
  6 hobgoblins
  4 kobolds
  2 quokkas
  A giant gecko skeleton (D:6)
  A giant newt (D:1)
  A jackal zombie (D:7)
  4 rats
229 creatures vanquished.

Vanquished Creatures (collateral kills)
  2 orc high priests (Orc:4)
  8 orc knights (Orc:4)
  2 black bears (D:7)
  12 orc warriors (Orc:4)
  A centaur (D:6)
  A scorpion (D:7)
  6 orc wizards
  12 orc priests
  16 orcs
60 creatures vanquished.

Grand Total: 289 creatures vanquished

Notes
Turn   | Place    | Note
--------------------------------------------------------------
     0 | D:1      | brucemayne the Demonspawn Berserker began the quest for the Orb.
     0 | D:1      | Reached XP level 1. HP: 18/18 MP: 1/1
    75 | D:1      | Gained mutation: You regenerate a little health from kills. [demonic ancestry]
    75 | D:1      | Reached XP level 2. HP: 20/24 MP: 2/2
   417 | D:2      | Reached XP level 3. HP: 29/29 MP: 3/3
   470 | D:2      | Reached skill level 4 in Axes
   507 | D:2      | Found a sacrificial altar of Ru.
   564 | D:3      | Reached ** piety under Trog
   670 | D:4      | Gained mutation: You regenerate health from kills. [demonic ancestry]
   670 | D:4      | Reached XP level 4. HP: 31/35 MP: 4/4
   688 | D:5      | Entered Level 5 of the Dungeon
   778 | D:5      | Reached skill level 5 in Axes
   780 | D:5      | Reached XP level 5. HP: 39/41 MP: 5/5
   982 | D:7      | Reached skill level 6 in Axes
  1066 | D:8      | Reached XP level 6. HP: 26/47 MP: 6/6
  1083 | D:6      | Noticed an ogre
  1090 | D:6      | Killed an ogre
  1109 | D:6      | Found a staircase to the Ecumenical Temple.
  1109 | D:6      | Noticed a sky beast
  1138 | D:6      | Killed a sky beast
  1138 | D:6      | Reached skill level 7 in Axes
  1218 | Temple   | Entered the Ecumenical Temple
  1252 | D:6      | Noticed a sky beast
  1274 | D:6      | Killed a sky beast
  1274 | D:6      | Gained mutation: A weak demonic guardian rushes to your aid. [demonic ancestry]
  1274 | D:6      | Reached XP level 7. HP: 52/52 MP: 7/7
  1288 | D:6      | Noticed a centaur
  1321 | D:6      | Killed a centaur
  1360 | D:6      | Found Wibaepex's Magic Scroll Emporium.
  1368 | D:6      | Reached skill level 8 in Axes
  1392 | D:6      | Bought a scroll of teleportation for 45 gold pieces
  1392 | D:6      | Bought a scroll of teleportation for 45 gold pieces
  1406 | D:6      | Noticed an ice beast
  1408 | D:6      | Noticed an ogre
  1420 | D:6      | Killed an ice beast
  1422 | D:6      | Killed an ogre
  1537 | D:7      | Reached skill level 9 in Axes
  1537 | D:7      | Gained mutation: You are partially covered in iridescent scales (AC +4). [demonic ancestry]
  1537 | D:7      | Reached XP level 8. HP: 50/58 MP: 8/8
  1538 | D:7      | its THIS ONE
  1580 | D:7      | Found a burning altar of Makhleb.
  1630 | D:7      | Found a shadowy altar of Dithmenos.
  1650 | D:8      | Noticed an ice beast
  1650 | D:8      | Noticed tp1's ghost (novice DECj)
  1666 | D:8      | Killed tp1's ghost
  1666 | D:8      | Reached skill level 10 in Axes
  1667 | D:8      | Killed an ice beast
  1688 | D:7      | Noticed an ice beast
  1710 | D:7      | Killed an ice beast
  1807 | D:8      | Found a staircase to the Lair.
  1822 | D:7      | Noticed a black bear
  1828 | D:7      | Killed a black bear
  1829 | D:7      | Noticed a black bear
  1842 | D:7      | Killed a black bear
  1856 | D:7      | Gained mutation: You have sharp fingernails. [demonic ancestry]
  1856 | D:7      | Reached XP level 9. HP: 54/63 MP: 9/9
  1857 | D:7      | Found a bloodstained altar of Trog.
  1938 | D:9      | Found a staircase to the Orcish Mines.
  2010 | Orc:1    | Entered Level 1 of the Orcish Mines
  2016 | Orc:1    | Reached *** piety under Trog
  2026 | Orc:1    | Reached skill level 11 in Axes
  2078 | Orc:1    | Reached skill level 5 in Fighting
  2108 | Orc:1    | Reached **** piety under Trog
  2124 | Orc:1    | Noticed an orc sorcerer
  2135 | Orc:1    | Noticed an orange demon
  2142 | Orc:1    | Killed an orc sorcerer
  2416 | Orc:3    | Noticed Rupert
  2447 | Orc:3    | Noticed altaj's ghost (journeyman OpAs)
  2472 | Orc:3    | Killed altaj's ghost
  2472 | Orc:3    | Reached skill level 12 in Axes
  2472 | Orc:3    | Gained mutation: A demonic guardian rushes to your aid. [demonic ancestry]
  2472 | Orc:3    | Reached XP level 10. HP: 76/76 MP: 10/10
  2543 | Orc:4    | Entered Level 4 of the Orcish Mines
  2543 | Orc:4    | Found a staircase to the Elven Halls.
  2607 | Orc:3    | Noticed an orc warlord
  2613 | Orc:4    | Reached ***** piety under Trog
  2685 | Orc:4    | Noticed an orc sorcerer
  2686 | Orc:4    | Noticed an orc knight
  2686 | Orc:4    | Paralysed by an orc sorcerer for 4 turns
  2690 | Orc:4    | Noticed a sun demon
  2696 | Orc:4    | Killed an orc sorcerer
  2704 | Orc:4    | Killed an orc knight
  2704 | Orc:4    | Reached skill level 13 in Axes
  3095 | Orc:4    | Noticed an orc knight
  3098 | Orc:4    | Killed an orc knight
  3104 | Orc:4    | Noticed an orc knight
  3127 | Orc:4    | Killed an orc knight
  3135 | Orc:4    | Noticed an orc knight
  3140 | Orc:4    | Killed an orc knight
  3140 | Orc:4    | Reached skill level 14 in Axes
  3181 | Orc:4    | Noticed an orc high priest
  3187 | Orc:4    | Killed an orc high priest
  3187 | Orc:4    | Reached XP level 11. HP: 75/81 MP: 11/11
  3265 | Orc:4    | Noticed an orc knight
  3265 | Orc:4    | Noticed an orc knight
  3266 | Orc:4    | Noticed an orc knight
  3266 | Orc:4    | Noticed an orc high priest
  3267 | Orc:4    | Noticed an orc knight
  3270 | Orc:4    | Noticed an orc knight
  3271 | Orc:4    | Noticed an orc knight
  3273 | Orc:4    | Noticed an orc high priest
  3282 | Orc:4    | Noticed an ice devil
  3282 | Orc:4    | Killed an orc knight
  3285 | Orc:4    | Killed an orc knight
  3285 | Orc:4    | Killed an orc knight
  3285 | Orc:4    | Killed an orc high priest
  3287 | Orc:4    | Killed an orc knight
  3289 | Orc:4    | Killed an orc knight
  3303 | Orc:4    | Killed an orc knight
  3304 | Orc:4    | Killed an orc high priest
  3304 | Orc:4    | Reached skill level 15 in Axes
  3326 | Orc:4    | Noticed an orc high priest
  3326 | Orc:4    | Noticed an orc high priest
  3327 | Orc:4    | Found Laacaq Lewk's Assorted Antiques.
  3329 | Orc:4    | Found Veobbip's Antique Armour Emporium.
  3329 | Orc:4    | Found Akkamaiw's Antique Armour Shoppe.
  3330 | Orc:4    | Found Wappicif's Armour Shoppe.
  3333 | Orc:4    | Killed an orc high priest
  3336 | Orc:4    | Killed an orc high priest
  3477 | Orc:3    | Killed Rupert
  3546 | Orc:3    | Killed an orc warlord
  3546 | Orc:3    | Reached skill level 16 in Axes
  3552 | Orc:3    | HP: 4/81 [orc warrior/hand axe[an orc warlord] (10)]
  3552 | Orc:3    | Mangled by a warg

Vault maps used:
D:1:      erik_arrival_cave_to_civilisation, minmay_close_crescents
D:2:      minmay_misc_feat_tiny, hangedman_ru_absence, uniq_jessica
D:3:      grunt_temple_overflow_open, first_bread, bh_walls_and_bars
D:4:      overflow_temple_1_default, serial_shops, shop, uniq_sigmund,
          uniq_robin
D:5:      nicolae_tso_besieged_by_evil
D:6:      minmay_temple_entry_overgrown, serial_shops, shop_scrolls
D:7:      trog_ov_bears_minmay, lemuel_doored_altar,
          nicolae_dithmenos_shadow_blocks
D:8:      kennysheep_mini_moat, dpeg_oklobed_lair
D:9:      old_forge, orc_0_dummy
Temple:   corrupted_temple
Orc:2:    nicolae_orc_lost_temple, uniq_maurice
Orc:3:    serial_shops, nicolae_shop_waterfront, nicolae_orc_pool_cavern,
          uniq_rupert
Orc:4:    st_orc_pillars

Action                   |  1- 3 |  4- 6 |  7- 9 | 10-12 || total
-------------------------+-------+-------+-------+-------++-------
Melee: Hand axe          |    94 |   130 |   298 |    14 ||   536
       War axe           |       |       |       |   260 ||   260
Invok: Berserk           |     1 |     4 |     8 |     5 ||    18
       Trog's Hand       |       |     3 |     6 |     6 ||    15
       Brothers in Arms  |       |       |       |     8 ||     8
  Use: Scroll            |       |     3 |     3 |       ||     6
 Stab: Distracted        |       |       |     6 |     1 ||     7
  Eat: Chunk             |       |     4 |     8 |     8 ||    20
       Beef jerky        |       |     1 |       |       ||     1
       Bread ration      |       |       |     1 |       ||     1
       Pizza             |       |       |     1 |       ||     1
       Royal jelly       |       |       |       |     1 ||     1
